[Event "Titled Tuesday Blitz November 15 Late 2022"]
[White "Poliakova, Varvara"]
[Black "Averjanov, Alexey"]
[WhiteFideId "13518313"]
[BlackFideId "14109867"]
[WhiteElo "2099"]
[BlackElo "2615"]
[Result "1-0"]
[Round "11"]
[TimeControl "180+1"]
[Date "2022.11.16"]
[WhiteClock "0:00:29"]
[BlackClock "0:00:01"]

1. e4 c6 2. d4 d5 3. Nd2 dxe4 4. Nxe4 Bf5 5. Ng3 Bg6 6. h4 h6 7. Nh3 e6 8. Nf4 Bh7 9. Bd3 Bxd3 10. Qxd3 Nf6 11. O-O Bd6 12. c3 Nd5 13. Nfh5 Qxh4 14. Nxg7+ Kf8 15. N7h5 Nd7 16. c4 N5f6 17. Nxf6 Nxf6 18. f4 Rg8 19. Ne4 Nxe4 20. Qxe4 Ke7 21. Be3 Rg4 22. d5 Rag8 23. Rf2 R8g5 24. dxe6 Rh5 25. exf7+ Kxf7 26. Rd2 Qh2+ 27. Kf2 Qg3+ 28. Ke2 Qxg2+ 29. Kd3 Qxe4+ 30. Kxe4 Ke6 31. Rad1 Be7 32. Kf3 Rgh4 33. Bf2 Rh2 34. Re2+ Kf6 35. Bd4+ Kf7 36. Rxh2 Rxh2 37. Be5 Ke6 38. Rg1 h5 39. Ke4 Re2+ 40. Kf3 Rc2 41. Rg6+ Kf5 42. Rg7 Ke6 43. Bc3 h4 44. f5+ Kd6 45. c5+ 1-0


[Site "https://www.chess.com"]

[Event "Titled Tuesday Blitz November 15 Late 2022"]
[White "Pranav, V"]
[Black "Tsydypov, Zhamsaran"]
[WhiteFideId "25060783"]
[BlackFideId "4108566"]
[WhiteElo "2430"]
[BlackElo "2591"]
[Result "1-0"]
[Round "11"]
[TimeControl "180+1"]
[Date "2022.11.15"]
[WhiteClock "0:00:19"]
[BlackClock "0:00:30"]

1. e4 c5 2. Nf3 d6 3. d4 cxd4 4. Nxd4 Nf6 5. Nc3 a6 6. Bg5 Nbd7 7. Bc4 Qa5 8. Qd2 e6 9. O-O Be7 10. Rae1 Nc5 11. a3 Qc7 12. Ba2 O-O 13. f4 h6 14. Bxh6 gxh6 15. e5 Nh7 16. Rf3 dxe5 17. fxe5 Bg5 18. Qf2 Nd7 19. h4 Bd8 20. Re4 Nxe5 21. Rg3+ Kh8 22. Rf4 f5 23. Bxe6 Qb6 24. Nd5 Qxb2 25. Rxf5 Bf6 26. Rxf6 Nxf6 27. Qxf6+ 1-0


[Site "https://www.chess.com"]

[Event "Titled Tuesday Blitz November 15 Late 2022"]
[White "Przybylski, Wojciech"]
[Black "Sivakumar, Shaashwath"]
[WhiteFideId "1117599"]
[BlackFideId "30912156"]
[WhiteElo "2221"]
[BlackElo "2137"]
[Result "1-0"]
[Round "11"]
[TimeControl "180+1"]
[Date "2022.11.16"]
[WhiteClock "0:00:10"]
[BlackClock "0:00:03"]

1. e4 d6 2. Bc4 Nf6 3. d3 g6 4. h4 h5 5. Nh3 Bg7 6. Ng5 e6 7. Nc3 d5 8. Bb3 O-O 9. e5 Ng4 10. d4 c5 11. f3 Nh6 12. Be3 cxd4 13. Bxd4 Nc6 14. f4 Nxd4 15. Qxd4 f6 16. Nf3 fxe5 17. fxe5 Ng4 18. O-O-O Qb6 19. Rhe1 Rf5 20. Qxb6 axb6 21. Nb5 Bd7 22. Nbd4 Rff8 23. Re2 b5 24. Rde1 b4 25. Ng5 Ra6 26. Ndf3 Bb5 27. Rd2 Bd7 28. Rd4 Rf5 29. Rxb4 Nxe5 30. Nd4 Rf2 31. Ndxe6 Bxe6 32. Nxe6 Rxe6 33. Bxd5 Kf7 34. Rxb7+ Kf6 35. Bxe6 Bh6+ 36. Kb1 Kxe6 37. Rb5 Bf4 38. a4 Rxg2 39. a5 Rd2 40. a6 Rd6 41. Ra5 Rd8 42. a7 Ra8 43. b4 Kf5 44. b5 Bg3 45. Rf1+ Ke6 46. b6 Nc4 47. Ra6 1-0


[Site "https://www.chess.com"]

[Event "Titled Tuesday Blitz November 15 Late 2022"]
[White "Romero Ruscalleda, Josep"]
[Black "Marcolino, Daniel Mattos"]
[WhiteFideId "2231859"]
[BlackFideId "2106841"]
[WhiteElo "2183"]
[BlackElo "2089"]
[Result "1-0"]
[Round "11"]
[TimeControl "180+1"]
[Date "2022.11.16"]
[WhiteClock "0:00:57"]
[BlackClock "0:00:47"]

1. e4 c6 2. Nc3 d5 3. Nf3 Bg4 4. h3 Bxf3 5. Qxf3 Nf6 6. e5 Nfd7 7. d4 e6 8. Bd3 c5 9. Ne2 cxd4 10. Bf4 Nc6 11. Qg3 Qb6 12. O-O g6 13. Rfe1 Bg7 14. Nc1 Qxb2 15. Nb3 O-O 16. h4 Nb4 17. Bc1 Qc3 18. Bd2 Nxc2 19. Bxc3 Nxe1 20. Bxe1 Nxe5 21. Rc1 Rac8 22. Bd2 Rxc1+ 23. Bxc1 Rc8 24. Bf4 Nxd3 25. Qxd3 e5 26. Bd2 e4 27. Qb5 d3 28. Qxd5 1-0


[Site "https://www.chess.com"]

[Event "Titled Tuesday Blitz November 15 Late 2022"]
[White "Rorrer, Grayson"]
[Black "Makridis, Dimitrios"]
[WhiteFideId "30944996"]
[BlackFideId "25864475"]
[WhiteElo "2130"]
[BlackElo "2272"]
[Result "0-1"]
[Round "11"]
[TimeControl "180+1"]
[Date "2022.11.15"]
[WhiteClock "0:00:50"]
[BlackClock "0:01:23"]

1. e4 c5 2. Nf3 Nf6 3. e5 Nd5 4. Nc3 e6 5. Nxd5 exd5 6. d4 Nc6 7. dxc5 Bxc5 8. Qxd5 d6 9. exd6 Qb6 10. Qe4+ Be6 11. Qh4 Bxd6 12. Bd3 Nb4 13. O-O Nxd3 14. cxd3 O-O 15. Be3 Qb5 16. b3 Rfe8 17. Rad1 Bd5 18. Nd4 Qd7 19. Ne2 h6 20. Nf4 Bc6 21. Nh5 Re6 22. d4 Bd5 23. Qg4 Rg6 0-1


[Site "https://www.chess.com"]

[Event "Titled Tuesday Blitz November 15 Late 2022"]
[White "Rose, Felix"]
[Black "Papayan, Oleg"]
[WhiteFideId "5105722"]
[BlackFideId "4193911"]
[WhiteElo "2039"]
[BlackElo "2153"]
[Result "0-1"]
[Round "11"]
[TimeControl "180+1"]
[Date "2022.11.16"]
[WhiteClock "0:00:17"]
[BlackClock "0:00:26"]

1. e4 e5 2. Nf3 Nc6 3. Bb5 Nf6 4. O-O Nxe4 5. d4 Nd6 6. dxe5 Nxb5 7. a4 d6 8. axb5 Nxe5 9. Re1 Be7 10. Nxe5 dxe5 11. Qxd8+ Kxd8 12. Rxe5 Bd6 13. Re2 Bg4 14. f3 Bf5 15. Nc3 Re8 16. Ne4 Kd7 17. Kf1 Bxe4 18. fxe4 Bxh2 19. Bg5 Re5 20. Rd1+ Ke6 21. Bc1 Rxb5 22. Kf2 Be5 23. c3 a5 24. Kf3 a4 25. Red2 Bd6 26. Rh1 h6 27. g4 a3 28. bxa3 Bxa3 29. Ra2 Rba5 30. Bf4 Bd6 31. Rb2 Bxf4 32. Kxf4 b6 33. Rd1 Re5 34. Rd4 Ra1 35. Rf2 Re1 36. c4 c5 37. Rd5 R1xe4+ 38. Kf3 Rxc4 39. Rxe5+ Kxe5 40. Rb2 Rf4+ 41. Kg3 Rb4 42. Re2+ Kd6 43. Rd2+ Rd4 44. Re2 b5 45. Re8 b4 46. Rg8 g6 47. Rh8 h5 48. gxh5 gxh5 49. Rxh5 b3 50. Rh6+ Kd5 51. Rh8 c4 52. Rd8+ Ke4 53. Rc8 b2 54. Rb8 c3 55. Kg2 Kd3 56. Kf2 Kc2 57. Ke2 b1=Q 58. Rxb1 Kxb1 59. Ke3 Rd7 60. Ke4 c2 61. Ke3 c1=Q+ 62. Ke4 Qc4+ 63. Ke5 Qe6+ 64. Kf4 Rd4+ 65. Kg3 Qe3+ 66. Kg2 Rd2+ 0-1


[Site "https://www.chess.com"]

[Event "Titled Tuesday Blitz November 15 Late 2022"]
[White "Sabuk, Piotr"]
[Black "Aggelis, Nikolaos"]
[WhiteFideId "1137565"]
[BlackFideId "4213220"]
[WhiteElo "2326"]
[BlackElo "2189"]
[Result "0-1"]
[Round "11"]
[TimeControl "180+1"]
[Date "2022.11.16"]
[WhiteClock "0:00:02"]
[BlackClock "0:00:08"]

1. d4 Nf6 2. Bf4 g6 3. Nc3 Bg7 4. e4 d6 5. Qd2 O-O 6. O-O-O Nbd7 7. Bh6 c5 8. Bxg7 Kxg7 9. e5 Ne8 10. f4 cxd4 11. Qxd4 Qb6 12. exd6+ Qxd4 13. Rxd4 Nxd6 14. Nf3 Nc5 15. g3 Bf5 16. Bg2 Rfe8 17. Re1 Rac8 18. Ne5 h5 19. h3 f6 20. Nf3 b5 21. Nh4 Bd7 22. Nd5 Nf5 23. Nxf5+ Bxf5 24. Rxe7+ Rxe7 25. Nxe7 Nb3+ 26. axb3 Rxc2+ 27. Kb1 Rxg2+ 28. Nxf5+ gxf5 29. Rd7+ Kg6 30. Rxa7 Rxg3 31. Ka2 Rxh3 32. Rb7 Rh4 33. Rxb5 Rxf4 34. Rb8 h4 35. b4 h3 36. Rh8 Rxb4 37. Rxh3 f4 38. Ka3 Re4 39. Rh8 f3 40. Rh1 Kf5 41. b4 Kf4 42. b5 f2 43. b6 Re1 44. b7 Re8 45. Kb4 Rb8 46. Kc3 Kf3 47. Rh6 f5 48. Rf6 f4 49. Kd4 f1=Q 0-1


[Site "https://www.chess.com"]

[Event "Titled Tuesday Blitz November 15 Late 2022"]
[White "Salman, Pavel"]
[Black "Castella Garcia, Fausto"]
[WhiteFideId "24153753"]
[BlackFideId "3501922"]
[WhiteElo "2187"]
[BlackElo "2245"]
[Result "1-0"]
[Round "11"]
[TimeControl "180+1"]
[Date "2022.11.16"]
[WhiteClock "0:00:45"]
[BlackClock "0:00:29"]

1. d4 Nf6 2. Nc3 d5 3. Bf4 g6 4. Nb5 Na6 5. e3 Bg7 6. h4 h5 7. f3 c6 8. Nc3 Nc7 9. Bd3 b5 10. Nh3 Bxh3 11. Rxh3 b4 12. Na4 Ne6 13. Be5 Bh6 14. Qd2 a5 15. g4 hxg4 16. fxg4 Bg7 17. O-O-O Ne4 18. Bxe4 dxe4 19. Bxg7 Nxg7 20. c4 bxc3 21. Nxc3 f5 22. gxf5 Nxf5 23. Qg2 O-O 24. Qxg6+ Ng7 25. Rg3 Rf7 26. h5 Rb8 27. h6 Qb6 28. Rg2 a4 29. h7+ 1-0


[Site "https://www.chess.com"]

[Event "Titled Tuesday Blitz November 15 Late 2022"]
[White "Sanchez, Robert"]
[Black "Curtis, John"]
[WhiteFideId "2034360"]
[BlackFideId "3200256"]
[WhiteElo "2304"]
[BlackElo "2203"]
[Result "0-1"]
[Round "11"]
[TimeControl "180+1"]
[Date "2022.11.16"]
[WhiteClock "0:00:05"]
[BlackClock "0:00:22"]

1. e4 c5 2. Nf3 d6 3. d4 cxd4 4. Nxd4 Nf6 5. Nc3 a6 6. Be3 e5 7. Nb3 Be6 8. f3 Nbd7 9. Qd2 b5 10. g4 b4 11. Ne2 h6 12. Ng3 d5 13. exd5 Nxd5 14. Bf2 Qg5 15. Qxg5 hxg5 16. Ne4 f6 17. O-O-O Nf4 18. Nbc5 Nxc5 19. Nxc5 Bxc5 20. Bxc5 a5 21. Bb5+ Kf7 22. Be3 Ng2 23. Bf2 a4 24. Kb1 b3 25. cxb3 axb3 26. a3 Rad8 27. Rxd8 Rxd8 28. a4 Bd5 29. Be2 Nf4 30. Bd1 Ra8 31. h4 gxh4 32. Bxh4 Rxa4 33. g5 e4 34. gxf6 e3 35. Re1 e2 36. Bxe2 Nxe2 37. Rxe2 Rxh4 38. Kc1 Bxf3 39. Rf2 Bd5 40. fxg7+ Kxg7 41. Kd2 Rd4+ 42. Kc3 Rc4+ 43. Kd3 Rc2 44. Rf5 Bf7 45. Rb5 Rxb2 46. Kc3 Rh2 0-1


[Site "https://www.chess.com"]

[Event "Titled Tuesday Blitz November 15 Late 2022"]
[White "Sarana, Alexey"]
[Black "Mikaelyan, Arman"]
[WhiteFideId "24133795"]
[BlackFideId "13304852"]
[WhiteElo "2708"]
[BlackElo "2456"]
[Result "1-0"]
[Round "11"]
[TimeControl "180+1"]
[Date "2022.11.15"]
[WhiteClock "0:00:09"]
[BlackClock "0:00:48"]

1. c4 g6 2. d4 Bg7 3. Nc3 d6 4. e4 c5 5. d5 e6 6. Nf3 Ne7 7. Bd3 O-O 8. O-O exd5 9. cxd5 Bg4 10. h3 Bxf3 11. Qxf3 Nd7 12. Qe2 a6 13. a4 Rc8 14. f4 Re8 15. Be3 Nf5 16. Bf2 Nd4 17. Qd1 c4 18. Bc2 Nxc2 19. Qxc2 Nc5 20. Bxc5 Rxc5 21. Rae1 b5 22. axb5 axb5 23. Ne2 b4 24. Kh2 b3 25. Qd2 Rxe4 26. Nc3 Rxe1 27. Rxe1 h5 28. Re4 h4 29. Qe2 Qf6 30. Re8+ Kh7 31. Qg4 Bh6 32. Ne4 Qxf4+ 33. g3 hxg3+ 34. Kg2 Qxg4 35. hxg4 f5 36. Nxc5 dxc5 37. d6 Bg5 38. d7 c3 39. bxc3 b2 40. Rb8 Kg7 41. Rxb2 Kf7 42. Rb8 1-0


[Site "https://www.chess.com"]

[Event "Titled Tuesday Blitz November 15 Late 2022"]
[White "Sattarov, Bobir"]
[Black "Zhigalko, Sergei"]
[WhiteFideId "14203081"]
[BlackFideId "13502956"]
[WhiteElo "2354"]
[BlackElo "2662"]
[Result "0-1"]
[Round "11"]
[TimeControl "180+1"]
[Date "2022.11.15"]
[WhiteClock "0:00:11"]
[BlackClock "0:00:10"]

1. d4 Nf6 2. Nf3 e6 3. Bg5 h6 4. Bh4 b6 5. Nbd2 Bb7 6. e3 Be7 7. Bd3 O-O 8. O-O d6 9. h3 Nh5 10. Bxe7 Qxe7 11. a4 a5 12. Re1 Nd7 13. e4 Nf4 14. Bf1 e5 15. c3 Qf6 16. g3 Ne6 17. d5 Ng5 18. Nh2 Rae8 19. h4 Nh7 20. Ng4 Qd8 21. Ne3 g6 22. b4 Bc8 23. Nec4 f5 24. exf5 gxf5 25. bxa5 bxa5 26. Nxa5 Qf6 27. Nc6 Nc5 28. Nb3 f4 29. Ra2 Nxb3 30. Qxb3 Qg7 31. c4 Kh8 32. a5 e4 33. Bg2 e3 34. Qb2 Nf6 35. fxe3 fxe3 36. a6 Qxg3 37. a7 Qxe1+ 38. Kh2 Qxh4+ 39. Kg1 Qe1+ 40. Kh2 Bd7 41. Ra1 Qh4+ 42. Kg1 e2 43. Qc3 e1=Q+ 0-1


[Site "https://www.chess.com"]

[Event "Titled Tuesday Blitz November 15 Late 2022"]
[White "Saveliev, Alexei"]
[Black "Melikhov, Evgeny V."]
[WhiteFideId "24128546"]
[BlackFideId "4122046"]
[WhiteElo "2290"]
[BlackElo "2169"]
[Result "1-0"]
[Round "11"]
[TimeControl "180+1"]
[Date "2022.11.16"]
[WhiteClock "0:01:16"]
[BlackClock "0:00:32"]

1. c4 e5 2. Nc3 d6 3. Nf3 f5 4. d4 e4 5. Ng5 Nf6 6. h4 Be7 7. e3 O-O 8. Be2 c6 9. b3 Na6 10. Bb2 Nc7 11. d5 c5 12. Nh3 Bd7 13. Nf4 a6 14. a4 b6 15. h5 Rb8 16. Qc2 Qe8 17. O-O g5 18. hxg6 hxg6 19. f3 exf3 20. Bxf3 Kf7 21. e4 Rh8 22. Rae1 Qg8 23. Qe2 g5 24. exf5 Bd8 25. Ng6 Bxf5 26. Nxh8+ Qxh8 27. Ne4 Qh4 28. Nxd6+ 1-0


[Site "https://www.chess.com"]

[Event "Titled Tuesday Blitz November 15 Late 2022"]
[White "Shapiro, Daniel"]
[Black "Kujawski, Adam"]
[WhiteFideId "2001780"]
[BlackFideId "1100920"]
[WhiteElo "2321"]
[BlackElo "2053"]
[Result "1-0"]
[Round "11"]
[TimeControl "180+1"]
[Date "2022.11.16"]
[WhiteClock "0:00:50"]
[BlackClock "0:00:14"]

1. d4 Nf6 2. c4 e6 3. g3 c5 4. d5 exd5 5. cxd5 d6 6. Nc3 g6 7. Nf3 Bg7 8. Nd2 O-O 9. Nc4 Ng4 10. Bf4 g5 11. Bxd6 Bxc3+ 12. bxc3 Qf6 13. f3 Qxc3+ 14. Nd2 Ne3 15. Qc1 Nc2+ 16. Kd1 Ne3+ 17. Ke1 Nc2+ 18. Kd1 Qxa1 19. Qxa1 Nxa1 20. Bxf8 Kxf8 21. Kc1 c4 22. Nxc4 Bd7 23. Kb2 Na6 24. Kxa1 Rc8 25. e4 b5 26. Ne5 Rc1+ 27. Kb2 Rc7 28. Nxd7+ Rxd7 29. Bxb5 Rc7 1-0


[Site "https://www.chess.com"]

[Event "Titled Tuesday Blitz November 15 Late 2022"]
[White "Shimanov, Aleksandr"]
[Black "Maksimovic, Bojan"]
[WhiteFideId "4198603"]
[BlackFideId "14408120"]
[WhiteElo "2605"]
[BlackElo "2447"]
[Result "0-1"]
[Round "11"]
[TimeControl "180+1"]
[Date "2022.11.15"]
[WhiteClock "0:00:08"]
[BlackClock "0:00:07"]

1. e4 c5 2. Nf3 e6 3. c4 Nc6 4. Nc3 g5 5. h3 Bg7 6. d3 h6 7. Be3 Nd4 8. Qd2 d6 9. Bxd4 cxd4 10. Ne2 Qb6 11. Ng3 Nf6 12. Be2 Bd7 13. e5 dxe5 14. Nxe5 Qc7 15. Nxd7 Nxd7 16. Nh5 Be5 17. g3 a5 18. a3 Nc5 19. Rb1 a4 20. O-O Nb3 21. Qe1 O-O-O 22. Bd1 Nc5 23. Bc2 Bd6 24. Qd1 Qc6 25. b4 axb3 26. Bxb3 f5 27. Bc2 Rhe8 28. Rb5 Re7 29. Qd2 Rf8 30. Rfb1 e5 31. Rb6 Qc7 32. Qa5 e4 33. Ba4 Kb8 34. Bc6 e3 35. fxe3 dxe3 36. d4 e2 37. Kg2 Nd3 38. Bxb7 Qxb7+ 39. Rxb7+ Rxb7 40. Rh1 f4 41. gxf4 gxf4 42. Kf3 e1=Q 43. Rxe1 Nxe1+ 44. Ke4 Re7+ 45. Kd5 Rf5+ 46. Kxd6 Rxa5 47. Kxe7 Rxh5 48. d5 Nd3 49. d6 Nc5 50. d7 Nxd7 51. Kxd7 f3 52. c5 Rxc5 0-1


[Site "https://www.chess.com"]

[Event "Titled Tuesday Blitz November 15 Late 2022"]
[White "Shuvalova, Polina"]
[Black "Gerbelli Neto, Eduardo"]
[WhiteFideId "24171760"]
[BlackFideId "2103281"]
[WhiteElo "2342"]
[BlackElo "2178"]
[Result "1/2-1/2"]
[Round "11"]
[TimeControl "180+1"]
[Date "2022.11.16"]
[WhiteClock "0:01:55"]
[BlackClock "0:00:42"]

1. d4 d5 2. Nf3 c6 3. Bf4 Nf6 4. e3 Bf5 5. Nbd2 e6 6. c3 Nbd7 7. h3 Be7 8. Be2 O-O 9. O-O Ne4 10. Nxe4 Bxe4 11. Nd2 Bg6 12. Bh2 Re8 13. c4 Bf6 14. Rc1 dxc4 15. Nxc4 Nb6 16. Nd6 Re7 17. Bf3 Nc8 18. Nxb7 Rxb7 19. Bxc6 Rab8 20. Bxb7 Rxb7 21. b3 Nb6 22. Rc5 Nd5 23. Qe2 Be7 24. Rc4 h6 25. Rfc1 Kh7 26. Be5 f6 27. Bg3 Qd7 28. Rc6 Rb6 29. Rxb6 axb6 30. a4 Bd6 31. Bxd6 Qxd6 32. Qc4 Nb4 33. Qc7 Qxc7 34. Rxc7 Be4 35. f3 Bd5 36. Rc3 f5 37. Kf2 Na2 38. Rc2 Nb4 39. Rc3 Na2 40. Rc2 Nb4 41. Rc3 1/2-1/2


[Site "https://www.chess.com"]

[Event "Titled Tuesday Blitz November 15 Late 2022"]
[White "Silva Lucena, Cristian"]
[Black "Figorito, Nick"]
[WhiteFideId "2232588"]
[BlackFideId "30923689"]
[WhiteElo "2223"]
[BlackElo "2356"]
[Result "1/2-1/2"]
[Round "11"]
[TimeControl "180+1"]
[Date "2022.11.16"]
[WhiteClock "0:00:09"]
[BlackClock "0:00:19"]

1. Nf3 Nf6 2. c4 g6 3. b3 Bg7 4. Bb2 O-O 5. g3 c5 6. Bg2 Nc6 7. O-O b6 8. d4 cxd4 9. Nxd4 Bb7 10. Nc3 Rc8 11. Qd2 Ba8 12. Nc2 d6 13. Rad1 Qc7 14. Rc1 Qb8 15. Ne3 Bb7 16. Ned5 Rfe8 17. Nxf6+ Bxf6 18. Nd5 Bxb2 19. Qxb2 Ne5 20. Rfd1 Bxd5 21. Bxd5 Nd7 22. a4 Nf6 23. Bg2 a5 24. Bh3 Rcd8 25. Rd3 Qc7 26. Rcd1 Qc5 27. Bg2 h5 28. Qd2 Kh7 29. Qe3 Qxe3 30. Rxe3 Kg7 31. Bc6 Ng4 32. Re4 Nf6 33. Re3 Ng4 34. Rc3 Rh8 35. Rd5 Nf6 36. Rb5 Rb8 37. Re3 e6 38. Rd3 Rhd8 39. Bf3 Kf8 40. c5 bxc5 41. Rxd6 Rxb5 42. Rxd8+ Ke7 43. Rd3 Rb8 44. Kf1 Rd8 45. Rc3 Rc8 46. Ke1 Nd5 47. Rd3 Nb4 48. Rc3 Nd5 49. Rc1 Kd6 50. Kd2 Rb8 51. Kc2 Nb4+ 52. Kc3 Nc6 53. Rd1+ Kc7 54. e3 Rd8 55. Rxd8 Nxd8 56. Kc4 Kb6 57. Be4 Nc6 58. f4 Nb4 59. h3 Na6 60. g4 hxg4 61. hxg4 Nb4 62. Kc3 Nd5+ 63. Bxd5 exd5 64. e4 d4+ 65. Kc4 Kc6 66. e5 Kd7 67. Kd3 Ke6 68. Ke4 Kd7 69. f5 gxf5+ 70. gxf5 Ke7 71. Kd3 Kd7 72. Kc4 Kc7 73. Kd3 Kd7 74. Kc2 Ke7 75. Kd2 Kd7 76. Kd3 Ke7 77. Kc4 Kd7 78. Kd3 Ke7 79. Ke2 Kd7 80. Kf3 Ke7 81. Kf4 Kd7 82. Kf3 Ke7 83. Kf2 Kd7 84. Ke1 Ke7 85. Kd1 Kd7 86. Kc2 Ke7 87. Kd3 Kd7 1/2-1/2


[Site "https://www.chess.com"]

[Event "Titled Tuesday Blitz November 15 Late 2022"]
[White "Sohal, Tanraj"]
[Black "Alexikov, Alexander"]
[WhiteFideId "2608499"]
[BlackFideId "14103958"]
[WhiteElo "2200"]
[BlackElo "2222"]
[Result "1-0"]
[Round "11"]
[TimeControl "180+1"]
[Date "2022.11.16"]
[WhiteClock "0:00:26"]
[BlackClock "0:00:03"]

1. d4 Nf6 2. Nf3 g6 3. g3 Bg7 4. Bg2 d6 5. O-O O-O 6. b3 c5 7. Bb2 cxd4 8. Nxd4 Nc6 9. Nxc6 bxc6 10. Bxc6 Rb8 11. Bg2 a5 12. Nd2 a4 13. Nc4 Ba6 14. Bxf6 Bxf6 15. Rb1 Bxc4 16. bxc4 Qc7 17. Qd3 Rfc8 18. Rxb8 Rxb8 19. Bd5 Rb2 20. Qa3 e6 21. Be4 Qxc4 22. Bd3 Qd4 23. c3 Qb6 24. Qxa4 Bxc3 25. Qe8+ Kg7 26. a4 d5 27. Bb5 Bd4 28. h4 h5 29. Qe7 Bc5 30. Qg5 Qd6 31. Kg2 Bd4 32. Qc1 Ra2 33. e3 Be5 34. Qc6 Bxg3 35. Qxd6 Bxd6 36. Rd1 Bc5 37. Kf3 Kf6 38. Rc1 Bb6 39. Rc8 Ke7 40. Rb8 Bc7 41. Rb7 Kd6 42. Be8 e5 43. Bxf7 e4+ 44. Kg2 Rxa4 45. Bxg6 Ba5 46. Bxh5 Be1 47. Bg4 Ra2 48. Rf7 d4 49. exd4 Kd5 50. Rd7+ Kc6 51. Rf7 e3 52. Rf6+ Kc7 53. h5 exf2 54. h6 Bc3 55. h7 Ra8 56. Rf4 1-0


[Site "https://www.chess.com"]

[Event "Titled Tuesday Blitz November 15 Late 2022"]
[White "Sonnenschein, Philipp"]
[Black "Ardila, Oscar Humberto"]
[WhiteFideId "16250877"]
[BlackFideId "4404742"]
[WhiteElo "2225"]
[BlackElo "1959"]
[Result "1-0"]
[Round "11"]
[TimeControl "180+1"]
[Date "2022.11.16"]
[WhiteClock "0:00:10"]
[BlackClock "0:00:17"]

1. e4 e5 2. Nf3 Nf6 3. d4 Nxe4 4. Bd3 d5 5. Nxe5 Nf6 6. O-O Be7 7. Bg5 O-O 8. Nd2 Nbd7 9. f4 h6 10. Bh4 Re8 11. Ndf3 Nf8 12. Kh1 Ne4 13. Bxe7 Qxe7 14. c4 c6 15. cxd5 cxd5 16. Qb3 Bf5 17. Bb5 Red8 18. Rac1 f6 19. Nd3 a6 20. Nb4 Be6 21. Bd3 f5 22. Qd1 Kh7 23. Nc2 Ng6 24. Ne5 Rac8 25. Ne3 Rxc1 26. Qxc1 Rc8 27. Qe1 Qd6 28. Nxg6 Kxg6 29. g4 Qd7 30. Qh4 Kh7 31. gxf5 Bxf5 32. Nxf5 Qxf5 33. Qe7 Rf8 34. Qe5 Ng3+ 35. Kg2 Qxd3 36. hxg3 Qd2+ 37. Rf2 Qd3 38. Qxd5 Kh8 39. Qxb7 Qxd4 40. Qxa6 Qe4+ 41. Kh2 h5 42. Qe2 Qf5 43. Kg2 Rd8 44. Qe5 Qg4 45. a4 h4 46. Qg5 h3+ 47. Kh2 Qxg5 48. fxg5 Rd5 49. Kxh3 Rxg5 50. b4 Rd5 51. Rb2 Kh7 52. b5 Rd1 53. b6 Rh1+ 54. Kg2 Rh6 55. b7 Rb6 56. b8=Q Rxb8 57. Rxb8 Kg6 58. a5 Kf6 59. a6 g5 60. a7 g4 61. a8=Q 1-0


[Site "https://www.chess.com"]

[Event "Titled Tuesday Blitz November 15 Late 2022"]
[White "Stanisz, Patryk"]
[Black "Sariego Figueredo, Wilfredo"]
[WhiteFideId "1123106"]
[BlackFideId "3500080"]
[WhiteElo "2069"]
[BlackElo "2309"]
[Result "1-0"]
[Round "11"]
[TimeControl "180+1"]
[Date "2022.11.16"]
[WhiteClock "0:00:50"]
[BlackClock "0:01:32"]

1. d4 d5 2. c4 c6 3. Nf3 a6 4. cxd5 cxd5 5. a4 Nf6 6. Nc3 Bf5 7. Qb3 Qd7 8. Ne5 Qc7 9. Bf4 Rg8 10. Rc1 Nc6 11. g3 Qc8 12. Nxd5 Be4 13. Nxf6+ exf6 14. Qxf7+ Kd8 15. Qxg8 fxe5 16. Qxf8+ Kc7 17. Bxe5+ Kb6 18. Qc5# 1-0


[Site "https://www.chess.com"]

[Event "Titled Tuesday Blitz November 15 Late 2022"]
[White "Storey, Charles H"]
[Black "Gasparyan, David"]
[WhiteFideId "406686"]
[BlackFideId "13311980"]
[WhiteElo "2252"]
[BlackElo "2323"]
[Result "1/2-1/2"]
[Round "11"]
[TimeControl "180+1"]
[Date "2022.11.16"]
[WhiteClock "0:00:07"]
[BlackClock "0:00:15"]

1. c4 c5 2. Nf3 Nf6 3. d4 cxd4 4. Nxd4 Nc6 5. Nc3 d5 6. cxd5 Nxd5 7. Nxc6 bxc6 8. e4 Nxc3 9. Qxd8+ Kxd8 10. bxc3 e5 11. Be3 Bd6 12. Bc4 Ke7 13. Rb1 Bd7 14. Kd2 a5 15. Rb7 Rhb8 16. Rhb1 Rxb7 17. Rxb7 Rb8 18. Rxb8 Bxb8 19. Bb6 a4 20. Bd3 Be6 21. c4 g6 22. Kc3 f5 23. f3 Bd6 24. c5 Bb8 25. a3 Bb3 26. Bc2 Bxc2 27. Kxc2 fxe4 28. fxe4 Kf6 29. Bd8+ Ke6 30. Kc3 Kd7 31. Bb6 g5 32. g4 h6 33. Kb4 Bc7 34. Kxa4 Kc8 35. Ba5 Bxa5 36. Kxa5 Kb7 37. Kb4 Ka7 38. a4 Kb7 39. a5 Ka7 40. a6 Kxa6 41. Ka4 Kb7 42. Ka5 Ka7 43. Kb4 Kb7 44. Ka4 Ka7 45. Kb4 Kb7 46. Ka4 Ka7 47. Ka5 Kb7 48. Kb4 Ka7 49. Ka4 Kb7 50. Kb4 Ka7 51. Ka4 Kb7 1/2-1/2


[Site "https://www.chess.com"]

[Event "Titled Tuesday Blitz November 15 Late 2022"]
[White "Swiercz, Dariusz"]
[Black "Yoo, Christopher Woojin"]
[WhiteFideId "1126881"]
[BlackFideId "30909694"]
[WhiteElo "2627"]
[BlackElo "2463"]
[Result "1-0"]
[Round "11"]
[TimeControl "180+1"]
[Date "2022.11.15"]
[WhiteClock "0:00:05"]
[BlackClock "0:00:01"]

1. e4 Nf6 2. Nc3 e5 3. Nf3 Nc6 4. d4 exd4 5. Nxd4 Bb4 6. Nxc6 bxc6 7. Bd3 d5 8. exd5 O-O 9. O-O cxd5 10. h3 c6 11. Qf3 Be6 12. Bf4 Re8 13. Rad1 a5 14. Ne2 Qb6 15. Nd4 Bd7 16. Nf5 Ne4 17. Ng3 Nxg3 18. Qxg3 Bf8 19. Be5 c5 20. b3 a4 21. Rfe1 axb3 22. axb3 d4 23. h4 Qh6 24. Bf4 Qh5 25. Qg5 Qxg5 26. hxg5 Rxe1+ 27. Rxe1 Be6 28. Kf1 Rc8 29. Ra1 h6 30. gxh6 gxh6 31. Be5 Bg7 32. Bd6 c4 33. bxc4 Bxc4 34. Bf4 Bxd3+ 35. cxd3 Kh7 36. Ke2 Kg6 37. Kf3 Rc3 38. Ra6+ Kh7 39. Ke4 Rc2 40. Bg3 Re2+ 41. Kf3 Rd2 42. Ra3 Kg6 43. Ke4 f5+ 44. Kf3 Bf6 45. Bf4 Rc2 46. Ra6 Kf7 47. Ra5 Ke6 48. Ra6+ Kf7 49. Bxh6 Rc3 50. Kf4 Rc5 51. Kf3 Be5 52. Bf4 Bf6 53. Bd2 Be5 54. g3 Rc2 55. Bf4 Bxf4 56. gxf4 Rd2 57. Ra3 Ke6 58. Rb3 Kd6 59. Ra3 Kc5 60. Ra5+ Kb4 61. Rxf5 Rxd3+ 62. Ke4 Rd1 63. Rf8 Kc4 64. Rc8+ Kb3 65. f5 d3 66. Ke3 d2 67. Ke2 Rf1 68. Rd8 Kc3 69. Kxf1 1-0


[Site "https://www.chess.com"]

[Event "Titled Tuesday Blitz November 15 Late 2022"]
[White "Tan, Zhongyi"]
[Black "Baskakov, Egor"]
[WhiteFideId "8603642"]
[BlackFideId "24197866"]
[WhiteElo "2510"]
[BlackElo "2211"]
[Result "1/2-1/2"]
[Round "11"]
[TimeControl "180+1"]
[Date "2022.11.15"]
[WhiteClock "0:00:02"]
[BlackClock "0:00:05"]

1. d4 Nf6 2. c4 e6 3. Nc3 d5 4. cxd5 Nxd5 5. e4 Nxc3 6. bxc3 b6 7. Nf3 Bb7 8. Bd3 Be7 9. O-O Nd7 10. Qe2 O-O 11. Rd1 c5 12. Bf4 cxd4 13. cxd4 Rc8 14. h3 Re8 15. a4 Bb4 16. Rab1 a5 17. Bb5 Qe7 18. Bg3 Red8 19. Bh4 f6 20. Bg3 Nf8 21. Rbc1 Ba3 22. Rxc8 Rxc8 23. Qd3 Bb4 24. d5 e5 25. Nh4 g6 26. Nf3 Rc3 27. Qe2 Nd7 28. h4 Qd6 29. h5 Kg7 30. Nh4 Nf8 31. hxg6 hxg6 32. Qg4 Kf7 33. Nf3 Bc8 34. Qh4 Kg7 35. Qh2 Bg4 36. Be2 Nd7 37. Qh4 Bxf3 38. Bxf3 Bc5 39. Bg4 Nf8 40. Be2 Qd7 41. Bb5 Qd6 42. Qg4 Rc2 43. Kf1 Nh7 44. Bh4 Bd4 45. Qe6 Qc5 46. Qd7+ Kh6 47. Qh3 Kg7 48. Qd7+ Kh6 49. Qh3 Kg7 50. Qf3 Ng5 51. Qd3 Bxf2 52. Bxg5 fxg5 53. Qf3 Be3 54. Be2 g4 55. Qxg4 Bf4 56. Qd7+ Kf6 57. Qe6+ Kg5 58. Qg4+ Kh6 59. Qh3+ Kg7 60. Qd7+ Kf8 61. Qd8+ Kf7 62. Qd7+ Kg8 63. Qd8+ Kg7 64. Qd7+ 1/2-1/2


[Site "https://www.chess.com"]